[Event "45th FIDE Olympiad 2024"]
[Site "Budapest"]
[Date "2024.09.16"]
[Round "6.46"]
[White "Petrov, Nikita"]
[Black "Ivanchuk, Vasyl"]
[Result "1/2-1/2"]
[ECO "E32"]
[WhiteElo "2574"]
[BlackElo "2635"]
[Annotator "RC"]
[PlyCount "97"]
[EventDate "2024.09.05"]
[EventType "team-tourn"]
[EventCountry "HUN"]
[SourceTitle "playchess.com"]
[Source "ChessBase"]
[SourceQuality "1"]
[WhiteTeam "Montenegro"]
[BlackTeam "Ukraine"]
[WhiteTeamCountry "MNE"]
[BlackTeamCountry "UKR"]
[TimeControl "40/5400+30:1800+30"]

1. d4 Nf6 2. c4 e6 3. Nc3 Bb4 4. Qc2 O-O 5. e4 d6 6. e5 dxe5 7. dxe5 Ng4 8. Nf3 Nc6 9. Bf4 f6 10. Bd3 Bxc3+ 11. bxc3 h6 12. exf6 Qxf6 13. Bxc7 Nb4 14. Qd2 Nxd3+ 15. Qxd3 Qf5 16. Qxf5 Rxf5 17. Bd6 Nf6 18. O-O Ne4 19. Rfd1 b6 20. Be5 Ba6 21. Rd7 Rf7 22. Rxf7 Kxf7 23. Bd4 Rc8 24. a4 Bxc4 25. a5 bxa5 26. Rxa5 a6 27. Ne5+ Kg8 28. f3 Nd6 29. Nxc4 Nxc4 30. Rxa6 e5 31. Bf2 Rb8 32. Ra1 Rb2 33. Re1 Rc2 34. Bg3 Rxc3 35. Bxe5 Nxe5 36. Rxe5 Kf7 37. h4 Rc2 38. Kh2 Ra2 39. Kh3 Rf2 40. Re3 h5 41. Re5 g6 42. Rg5 Kf6 43. Kg3 Ra2 44. f4 Ra3+ 45. Kh2 Ra4 46. g3 Ra2+ 47. Kg1 Ra1+ 48. Kg2 Ra2+ 49. Kh3 1/2-1/2

[Event "45th FIDE Olympiad 2024"]
[Site "Budapest"]
[Date "2024.09.16"]
[Round "6.46"]
[White "Oscar, Naranjo Gonzalez"]
[Black "Erfan, Mohamad Firdaus"]
[Result "0-1"]
[WhiteElo "1861"]
[BlackElo "1758"]
[PlyCount "74"]
[EventDate "2024.09.05"]
[EventType "team-tourn"]
[EventCountry "HUN"]
[WhiteTeam "Equatorial Guinea"]
[BlackTeam "Qatar"]
[BlackTeamCountry "QAT"]
[TimeControl "40/5400+30:1800+30"]

1. e4 e5 2. Nf3 Nc6 3. Bb5 a6 4. Ba4 Nf6 5. Qe2 b5 6. Bb3 Bc5 7. a4 Rb8 8. axb5 axb5 9. Nc3 b4 10. Nd5 O-O 11. d3 Nxd5 12. Bxd5 Nd4 13. Nxd4 Bxd4 14. O-O c6 15. Bb3 d5 16. Kh1 dxe4 17. dxe4 Qh4 18. f4 Bg4 19. Qe1 Qxe1 20. Rxe1 Be6 21. Ra6 Bxb3 22. cxb3 Rfc8 23. g3 f6 24. Kg2 c5 25. fxe5 fxe5 26. Re2 c4 27. bxc4 Rxc4 28. Ra1 Rbc8 29. Be3 Rc2 30. Kf1 Bxe3 31. Rxe3 Rxh2 32. Kg1 Rxb2 33. Rf3 b3 34. Ra7 Rc1+ 35. Rf1 Rxf1+ 36. Kxf1 Ra2 37. Rb7 b2 {0-} 0-1

[Event "45th FIDE Olympiad 2024"]
[Site "Budapest"]
[Date "2024.09.16"]
[Round "6.47"]
[White "Ponomariov, Ruslan"]
[Black "Djukic, Nikola"]
[Result "1-0"]
[ECO "B67"]
[WhiteElo "2654"]
[BlackElo "2515"]
[Annotator "TA"]
[PlyCount "77"]
[EventDate "2024.09.05"]
[EventType "team-tourn"]
[EventCountry "HUN"]
[SourceTitle "playchess.com"]
[Source "ChessBase"]
[SourceQuality "1"]
[WhiteTeam "Ukraine"]
[BlackTeam "Montenegro"]
[WhiteTeamCountry "UKR"]
[BlackTeamCountry "MNE"]
[TimeControl "40/5400+30:1800+30"]

1. e4 c5 2. Nf3 d6 3. d4 cxd4 4. Nxd4 Nf6 5. Nc3 Nc6 6. Bg5 e6 7. Qd2 a6 8. O-O-O Bd7 9. Kb1 Nxd4 {[%emt 0:06:22] seems to push 9...Be7 aside. B67: Sicilian: Richter-Rauzer: 7...a6 8 0-0-0 Bd7, lines without 9 f4 Be7.} 10. Qxd4 Be7 11. f3 Qc7 12. Qd2 b5 13. h4 b4 14. Ne2 a5 15. c4 bxc3 16. Nxc3 Qb7 17. a4 h6 18. Be3 Rc8 $146 ({Predecessor:} 18... Rb8 19. Nb5 O-O 20. Bd3 d5 21. Bxh6 Bxb5 22. axb5 dxe4 23. fxe4 Nxe4 24. Qe2 gxh6 25. Qg4+ Kh8 26. Qf4 Kg7 27. Qg4+ Kh8 28. Qf4 Kg7 29. Qg4+ {½-½ Sowul,B (2269)-Chojnacki,K (2327) Suwalki Warakomska Memorial 7th 2023 (9)}) 19. Nb5 O-O 20. Bd3 e5 21. g4 Be6 ({Better is} 21... d5 $14 22. g5 d4 23. Bxd4 exd4 24. gxf6 Bxf6) 22. g5 $1 $16 Nh5 23. gxh6 g6 24. Rc1 (24. Qxa5 Ra8 25. Qc7 Qxc7 26. Nxc7 Rxa4) 24... d5 25. Qxa5 dxe4 (25... Ng3 $16) 26. fxe4 $2 (26. Bxe4 $18 Bd5 27. Nd6 Bxe4+ 28. Nxe4) 26... Bc4 $14 27. Bc2 (27. Rxc4 Rxc4 28. Nc3 Rb8 $19) 27... Bc5 (27... Ng3 $11) 28. Rh3 $14 Bxe3 (28... Be7 $16 {was called for.}) 29. Rxe3 $18 Rc6 {[%emt 0:02:30] [#]} (29... Bxb5 $16 {keeps fighting.} 30. Rb3 (30. Qxb5 Qxb5 31. axb5 Nf4 $16) (30. axb5 Rc5 $16) 30... Qe7 (30... Rxc2 $2 31. Rxc2 Qxe4 32. Qxb5 $18)) 30. Na3 $1 $18 Qe7 31. Nxc4 Rxc4 32. Bb3 Rxc1+ 33. Kxc1 Qxh4 (33... Kh7 $142 34. Kb1 Kxh6) 34. Qxe5 $18 Qf2 35. Rc3 Qf1+ 36. Kc2 Kh7 37. Qe7 Kg8 $2 (37... Ra8 $18 38. Rc7 (38. Bxf7 Qf2+ 39. Kb1 Ra7 $18) (38. Qxf7+ Qxf7 39. Bxf7 Rxa4 $18) 38... Kxh6 39. Qxf7 Qxf7 40. Rxf7 g5) 38. h7+ Kg7 39. Qxf8+ 1-0

[Event "45th FIDE Olympiad 2024"]
[Site "Budapest"]
[Date "2024.09.16"]
[Round "6.47"]
[White "Al-Kuwari, Turki"]
[Black "Angel, Estanislao Gatjens C"]
[Result "1-0"]
[WhiteElo "1577"]
[BlackElo "1849"]
[PlyCount "91"]
[EventDate "2024.09.05"]
[EventType "team-tourn"]
[EventCountry "HUN"]
[WhiteTeam "Qatar"]
[BlackTeam "Equatorial Guinea"]
[WhiteTeamCountry "QAT"]
[TimeControl "40/5400+30:1800+30"]

1. e4 c6 2. d4 d5 3. exd5 cxd5 4. c3 Nf6 5. Bd3 Bg4 6. Qb3 Qd7 7. Bf4 Nc6 8. Nd2 e6 9. h3 Bh5 10. Ngf3 Bxf3 11. Nxf3 Bd6 12. Bxd6 Qxd6 13. O-O O-O 14. Rfe1 Qc7 15. Ne5 Nxe5 16. Rxe5 b5 17. a4 bxa4 18. Rxa4 Rab8 19. Rb4 a5 20. Rxb8 Rxb8 21. Qc2 Qb7 22. Re2 Qb3 23. Qxb3 Rxb3 24. Bc2 Rb7 25. b3 Kf8 26. Kf1 Ke7 27. Ke1 Kd6 28. Kd2 h6 29. Re1 Kc6 30. Ra1 Kb6 31. c4 dxc4 32. bxc4 Rd7 33. Kc3 Ra7 34. g4 Kc6 35. f3 Kd6 36. c5+ Kd5 37. Rb1 Kc6 38. Be4+ Kc7 39. Kc4 a4 40. Ra1 a3 41. Kb3 a2 42. Rxa2 Rxa2 43. Kxa2 e5 44. d5 Nd7 45. d6+ Kd8 46. c6 1-0

[Event "45th FIDE Olympiad 2024"]
[Site "Budapest"]
[Date "2024.09.16"]
[Round "6.48"]
[White "Draskovic, Luka"]
[Black "Onyshchuk, Volodymyr"]
[Result "1/2-1/2"]
[ECO "B10"]
[WhiteElo "2497"]
[BlackElo "2610"]
[Annotator "TA"]
[PlyCount "65"]
[EventDate "2024.09.05"]
[EventType "team-tourn"]
[EventCountry "HUN"]
[SourceTitle "playchess.com"]
[Source "ChessBase"]
[SourceQuality "1"]
[WhiteTeam "Montenegro"]
[BlackTeam "Ukraine"]
[WhiteTeamCountry "MNE"]
[BlackTeamCountry "UKR"]
[TimeControl "40/5400+30:1800+30"]

1. e4 c6 2. Nf3 d5 3. d3 dxe4 4. dxe4 Qxd1+ 5. Kxd1 Nd7 6. Nbd2 e5 7. Ne1 f6 8. Nd3 Nc5 9. f3 h5 10. h4 Nh6 11. a4 Be6 12. Nxc5 Bxc5 13. Bc4 Ke7 14. Ke2 g6 {[%emt 0:05:26] The position is equal.} 15. Bxe6 Kxe6 16. Nb3 Be7 17. Be3 f5 18. Nd2 Nf7 19. Rad1 Rag8 20. g3 a6 21. Bb6 Nd6 22. Be3 fxe4 23. Nxe4 Nxe4 24. fxe4 g5 25. hxg5 Bxg5 26. Bxg5 Rxg5 $11 {[%emt 0:00:05][%mdl 4096] Endgame. KRR-KRR} 27. Rd3 Rg4 28. Re3 b5 29. axb5 axb5 30. b4 h4 31. Rxh4 Rhxh4 32. gxh4 Rxh4 33. Kd3 {[%emt 0:00:05] An uneventful encounter.   Weighted Error Value: White=0.04 (flawless) /Black=0.04 (flawless) .  OK:         	White=13    	Black=8} 1/2-1/2

[Event "45th FIDE Olympiad 2024"]
[Site "Budapest"]
[Date "2024.09.16"]
[Round "6.49"]
[White "Henriquez Villagra, Cristobal"]
[Black "Predke, Alexandr"]
[Result "0-1"]
[ECO "A30"]
[WhiteElo "2604"]
[BlackElo "2671"]
[Annotator "TA"]
[PlyCount "144"]
[EventDate "2024.09.05"]
[EventType "team-tourn"]
[EventCountry "HUN"]
[SourceTitle "playchess.com"]
[Source "ChessBase"]
[SourceQuality "1"]
[WhiteTeam "Chile"]
[BlackTeam "Serbia"]
[WhiteTeamCountry "CHI"]
[BlackTeamCountry "SRB"]
[TimeControl "40/5400+30:1800+30"]

1. Nf3 Nf6 2. g3 b6 3. Bg2 Bb7 4. d3 g6 5. e4 d6 6. O-O c5 7. c4 Bg7 8. Nc3 O-O 9. h4 $146 {[%emt 0:02:27] A30: Symmetrical English: Double Fianchetto and Hedgehog.} ({Predecessor:} 9. Re1 Nc6 10. Be3 e6 11. d4 cxd4 12. Nxd4 Nxd4 13. Bxd4 Qe7 14. b3 Rfd8 15. Qd2 Bc6 16. Nd5 Bxd5 17. exd5 e5 {1-0 Nakamura,H (2775)-Bortnyk,O (2605) Titled Tuesday intern op 18th Apr Early blitz 2023 (5)}) 9... a6 10. Nh2 Nc6 11. a4 Rb8 12. g4 Nd4 13. h5 b5 14. axb5 axb5 15. cxb5 Bc8 16. hxg6 fxg6 17. f4 Be6 18. Bf3 g5 19. f5 Bb3 20. Qd2 h6 21. Bd1 Bxd1 22. Qxd1 Nxb5 23. Qb3+ Kh8 24. Nxb5 Qb6 25. Qe6 Qxb5 26. Rf3 Ra8 27. Rb1 Qd7 28. Bd2 Qxe6 29. fxe6 Nh7 30. b4 (30. Bc3 $17 {keeps fighting.}) 30... Ra2 (30... Rfb8 $1 $19 31. Rff1 cxb4 32. Rxb4 Rxb4 33. Bxb4 Nf8) 31. Rxf8+ $17 Nxf8 32. b5 Nxe6 (32... Rxd2 33. b6 Bd4+ (33... Rxd3 $2 34. b7 $18) 34. Kh1 $14) 33. b6 Nd8 (33... Rxd2 $2 {loses.} 34. b7 $18) 34. Nf3 Nb7 35. Kf2 (35. Kf1 $142) 35... Kg8 $17 36. Ke3 Kf7 37. Rb3 Ke6 38. Bc3 Bxc3 39. Rxc3 Rb2 40. Ra3 Rxb6 (40... d5 $1 $19 {[%cal Rd5d4] Strongly threatening ...d4+.} 41. exd5+ Kxd5) 41. Ra8 $17 Kd7 42. Rh8 Na5 43. Rxh6 Rb3 $1 44. Ke2 Rb2+ 45. Ke3 (45. Kf1 {was called for.}) 45... c4 $1 $19 46. dxc4 Nxc4+ 47. Kd4 Rb3 $1 48. Kxc4 Rxf3 49. e5 $2 (49. Rg6 $17) 49... Kc6 $1 $19 (49... dxe5 50. Kd5 $15) 50. Re6 Rf4+ 51. Kd3 Kd5 ({Weaker is} 51... Rxg4 52. Rxe7 d5 53. Rg7 $11) 52. Rxe7 dxe5 53. Re8 Rxg4 54. Ke3 Rf4 $2 (54... Re4+ $1 $19 {has better winning chances.} 55. Kf3 Rf4+ 56. Kg3 g4) 55. Rg8 $17 g4 56. Rg6 Ra4 57. Ke2 Rb4 58. Ke1 $2 (58. Kf2 $17) 58... Rf4 59. Ke2 Kd4 60. Rg8 {[%emt 0:02:17] [#]} e4 $1 61. Rg7 Ke5 62. Rg5+ {[%emt 0:01:36] [#]} Kf6 $1 63. Rb5 Rf3 64. Ra5 g3 65. Ra8 Kg5 66. Re8 Rf2+ 67. Ke3 Kg4 68. Rh8 Rf3+ 69. Kxe4 Ra3 70. Rg8+ Kh3 71. Kf4 Kh2 72. Rh8+ Kg1 0-1

[Event "45th FIDE Olympiad 2024"]
[Site "Budapest"]
[Date "2024.09.16"]
[Round "6.49"]
[White "Mahamat, Hachim Bachar"]
[Black "Murphy, Jones"]
[Result "0-1"]
[WhiteElo "1872"]
[BlackElo "2021"]
[PlyCount "96"]
[EventDate "2024.09.05"]
[EventType "team-tourn"]
[EventCountry "HUN"]
[WhiteTeam "Chad"]
[BlackTeam "Dominica"]
[WhiteTeamCountry "CHD"]
[TimeControl "40/5400+30:1800+30"]

1. e4 e5 2. d4 exd4 3. c3 d5 4. exd5 Qxd5 5. Nf3 Nc6 6. cxd4 Bg4 7. Be2 Nf6 8. Nc3 Bb4 9. O-O Bxc3 10. bxc3 O-O 11. c4 Qd6 12. d5 Ne5 13. Nxe5 Qxe5 14. Be3 Bxe2 15. Qxe2 Rfe8 16. Rfe1 Re7 17. Qd3 Ng4 18. f4 Qh5 19. h3 Nxe3 20. Rxe3 Rae8 21. Rae1 Qh4 22. g3 Qf6 23. c5 Rxe3 24. Rxe3 Rxe3 25. Qxe3 Qa1+ 26. Kf2 Qxa2+ 27. Kg1 Qb1+ 28. Kf2 Qc2+ 29. Ke1 Qb1+ 30. Kf2 Kf8 31. Qa3 a6 32. c6+ Ke8 33. Qe3+ Kd8 34. Qc5 Qb6 35. Qxb6 cxb6 36. cxb7 Kc7 37. b8=Q+ Kxb8 38. Ke3 Kc7 39. Kd4 Kd6 40. f5 b5 41. g4 a5 42. g5 a4 43. h4 a3 44. Kc3 b4+ 45. Kb3 Kxd5 46. h5 g6 47. fxg6 fxg6 48. hxg6 hxg6 {0-} 0-1

[Event "45th FIDE Olympiad 2024"]
[Site "Budapest"]
[Date "2024.09.16"]
[Round "6.50"]
[White "Sarana, Alexey"]
[Black "Salinas Herrera, Pablo"]
[Result "1-0"]
[ECO "D60"]
[WhiteElo "2713"]
[BlackElo "2479"]
[Annotator "RC"]
[PlyCount "119"]
[EventDate "2024.09.05"]
[EventType "team-tourn"]
[EventCountry "HUN"]
[SourceTitle "playchess.com"]
[Source "ChessBase"]
[SourceQuality "1"]
[WhiteTeam "Serbia"]
[BlackTeam "Chile"]
[WhiteTeamCountry "SRB"]
[BlackTeamCountry "CHI"]
[TimeControl "40/5400+30:1800+30"]

1. d4 d5 2. c4 e6 3. Nc3 Nf6 4. Nf3 c6 5. Bg5 Be7 6. e3 Nbd7 7. Bd3 h6 8. Bh4 dxc4 9. Bxc4 O-O 10. O-O b6 11. Qe2 Bb7 12. Rfd1 Nh5 13. Bxe7 Qxe7 14. Ba6 Bxa6 15. Qxa6 Nhf6 16. e4 Rfc8 17. Rac1 Qd8 18. a3 Rc7 19. b4 Qc8 20. Qc4 Ne8 21. Qf1 Qb7 22. Qd3 Rd8 23. a4 Nf8 24. Ne5 Nd7 25. Nc4 Rcc8 26. h3 Qb8 27. Qe2 Nf8 28. g3 Qb7 29. h4 Qe7 30. Rb1 Rc7 31. Rd2 Nd6 32. Ne3 Ne8 33. Qc4 Qf6 34. Kg2 Qg6 35. Qe2 Nf6 36. Nc4 Ne8 37. a5 Qf6 38. Qe3 Qe7 39. axb6 axb6 40. Nxb6 Rb8 41. Nba4 Rxb4 42. Rxb4 Qxb4 43. e5 Qe7 44. Nc5 Ra7 45. Rb2 Nc7 46. Rb8 Nd5 47. Qf3 Nxc3 48. Qxc3 f5 49. Qf3 Rc7 50. h5 Qf7 51. Qb3 Re7 52. Qf3 Re8 53. Rb7 Re7 54. Rxe7 Qxe7 55. Qxc6 Kh7 56. d5 exd5 57. Qd6 Qf7 58. e6 Qf6 59. Qxd5 Kh8 60. Qa8 1-0

[Event "45th FIDE Olympiad 2024"]
[Site "Budapest"]
[Date "2024.09.16"]
[Round "6.50"]
[White "Bridet, Robert"]
[Black "Abdelaziz Bokhit, Badjoiri"]
[Result "0-1"]
[WhiteElo "1697"]
[BlackElo "1778"]
[PlyCount "152"]
[EventDate "2024.09.05"]
[EventType "team-tourn"]
[EventCountry "HUN"]
[WhiteTeam "Dominica"]
[BlackTeam "Chad"]
[BlackTeamCountry "CHD"]
[TimeControl "40/5400+30:1800+30"]

1. e4 e5 2. Nf3 Nc6 3. Bc4 Bc5 4. O-O Nf6 5. Nc3 d6 6. h3 h6 7. a3 a6 8. d3 O-O 9. Qe2 Qe7 10. Nd1 Be6 11. Ne3 Bxc4 12. Nxc4 b5 13. Ne3 Bxe3 14. Bxe3 Nh5 15. c3 Nd8 16. Nh2 Qh4 17. Nf3 Qf6 18. g3 Ne6 19. Nh4 Nhf4 20. Qd2 Nxh3+ 21. Kh2 Nhg5 22. Kg2 Qd8 23. Nf5 d5 24. f3 d4 25. Bf2 c5 26. Rh1 f6 27. cxd4 Nxd4 28. Bxd4 cxd4 29. Rac1 Qd7 30. Qb4 a5 31. Qc5 Kh7 32. Qb6 Rfb8 33. Rc7 Qxf5 34. Rxg7+ Kh8 35. exf5 Rxb6 36. Rc7 Kg8 37. Rxh6 Nf7 38. Rh1 Rab8 39. Ra7 a4 40. Rc1 R6b7 41. Ra6 Rb6 42. Ra7 Nd6 43. g4 Rc8 44. Rxc8+ Nxc8 45. Ra8 Rc6 46. Rb8 Rc5 47. Kg3 Kf7 48. Rb7+ Ne7 49. Kh4 Rc2 50. Rxb5 Rd2 51. b4 Rxd3 52. Kg3 Rxa3 53. Rb7 Rb3 54. b5 a3 55. Ra7 e4 56. b6 Rxf3+ 57. Kg2 Rb3 58. b7 Rb2+ 59. Kf1 a2 60. Rxa2 Rxb7 61. Ke2 Rb3 62. Ra4 Nc6 63. Rc4 Rc3 64. Ra4 Rc2+ 65. Kd1 Rg2 66. Rc4 Ne7 67. Rxd4 Rxg4 68. Rd7 Rf4 69. Ke2 Rxf5 70. Ke3 Re5 71. Ra7 f5 72. Kf4 Kf6 73. Ra6+ Re6 74. Ra5 Ng6+ 75. Ke3 f4+ 76. Ke2 Re5 {0-} 0-1

[Event "45th FIDE Olympiad 2024"]
[Site "Budapest"]
[Date "2024.09.16"]
[Round "6.51"]
[White "Vasquez Schroeder, Rodrigo"]
[Black "Indjic, Aleksandar"]
[Result "0-1"]
[ECO "C55"]
[WhiteElo "2457"]
[BlackElo "2611"]
[Annotator "TA"]
[PlyCount "64"]
[EventDate "2024.09.05"]
[EventType "team-tourn"]
[EventCountry "HUN"]
[SourceTitle "playchess.com"]
[Source "ChessBase"]
[SourceQuality "1"]
[WhiteTeam "Chile"]
[BlackTeam "Serbia"]
[WhiteTeamCountry "CHI"]
[BlackTeamCountry "SRB"]
[TimeControl "40/5400+30:1800+30"]

1. e4 e5 2. Nf3 Nc6 3. Bc4 Nf6 4. d3 h6 5. c3 d6 6. a4 g5 7. a5 a6 8. Qb3 {[%emt 0:00:39] White is slightly better.} Qe7 9. Nbd2 Rb8 10. Nf1 Be6 11. Ne3 Qd7 12. h4 g4 13. Nh2 h5 14. Nd5 Bg7 15. Nf1 Bxd5 ({Better is} 15... Ne7 $14) 16. exd5 $16 Ne7 17. Bxa6 Qc8 18. Bc4 O-O 19. Bg5 ({White should play} 19. Ng3 $16) 19... b5 $1 $14 20. axb6 Rxb6 21. Qd1 (21. Qa2 $14) 21... Nexd5 $11 {[%emt 0:03:45] aiming for ...Qb7.} 22. Ng3 Nf4 $1 23. O-O Nh7 (23... d5 $15 24. Bb3 Nh7 25. Bxf4 exf4 26. Nxh5 Bh6) 24. Bxf4 $14 exf4 25. Nxh5 Qf5 {[%emt 0:03:20] [#]} 26. Ra5 $1 Be5 $1 $36 {[%emt 0:01:53][%mdl 2048] Black has the initiative.} (26... Qxa5 $2 27. Qxg4 $18) 27. d4 Qxh5 28. dxe5 Qxh4 29. e6 {[%emt 0:02:22] Threatens to win with e7.} c5 $1 {[%emt 0:02:58] Hoping for ...g3.} 30. e7 (30. exf7+ Kg7 31. Be6 g3 32. fxg3 Qxg3 $14 (32... fxg3 33. Bh3 $11)) (30. Qd2 $11 f3 31. exf7+ Kg7 32. Bd5) 30... Re8 $17 {[%emt 0:02:49][%cal Oh7g5] And now ...Ng5! would win.} 31. Qd2 Rxe7 ({Black should try} 31... f3 $17 {Strongly threatening ...Ng5.} 32. Ra4 Kg7 (32... Qxe7 33. Bd3 $14) (32... Rxe7 33. Qf4 $17)) 32. Re1 $2 {[%emt 0:05:57][%mdl 8192] [#]} (32. Qxf4 $11 Qg5 33. Qxg5+ Nxg5 34. b4) 32... Rxb2 $3 {[%emt 0:01:31][%mdl 512] Weighted Error Value: White=0.41/Black=0.14 (very precise) .  Loses game:     	White=1     	---        Mistake:       	White=4     	Black=3      Inaccurate:     	---       	Black=1      OK:         	White=13    	Black=8      Best:        	White=5     	Black=2      Strong:       	---       	Black=4      Brilliant:      	---       	Black=1} 0-1

[Event "45th FIDE Olympiad 2024"]
[Site "Budapest"]
[Date "2024.09.16"]
[Round "6.51"]
[White "Adam, Jamal"]
[Black "Thomas, Larry"]
[Result "1-0"]
[WhiteElo "2013"]
[BlackElo "1686"]
[PlyCount "117"]
[EventDate "2024.09.05"]
[EventType "team-tourn"]
[EventCountry "HUN"]
[WhiteTeam "Chad"]
[BlackTeam "Dominica"]
[WhiteTeamCountry "CHD"]
[TimeControl "40/5400+30:1800+30"]

1. e4 e5 2. Nf3 Nf6 3. Nc3 Nc6 4. Bc4 Nxe4 5. O-O Nf6 6. Re1 d6 7. d4 Bg4 8. dxe5 dxe5 9. Qxd8+ Rxd8 10. Nxe5 Nxe5 11. Rxe5+ Be7 12. Bg5 Kf8 13. h3 Bc8 14. Rae1 Bd6 15. R5e2 h6 16. Bh4 g5 17. Bg3 Bxg3 18. fxg3 c6 19. Rf2 Nd5 20. Nxd5 cxd5 21. Rd1 Be6 22. Rfd2 Rc8 23. Bb3 Ke7 24. c3 Rhd8 25. Bxd5 Rxd5 26. Rxd5 Bxd5 27. Rxd5 Ke6 28. Rd4 f5 29. Kf2 Rc7 30. Ke3 b5 31. Rd8 Rc6 32. Kd3 a6 33. b3 Ke7 34. Rd5 Ke6 35. c4 h5 36. Kd4 bxc4 37. bxc4 Rb6 38. Kc3 Rb1 39. Rd2 a5 40. a3 a4 41. Rb2 Rc1+ 42. Kb4 g4 43. hxg4 hxg4 44. Rd2 Ke5 45. c5 Ke4 46. Kb5 Rc3 47. c6 Ke3 48. Rd5 Rb3+ 49. Kxa4 Rb6 50. Rc5 Rb8 51. c7 Rc8 52. Kb5 Kf2 53. Kb6 Kxg3 54. Rxf5 Kxg2 55. Kb7 Rg8 56. c8=Q Rxc8 57. Kxc8 g3 58. a4 Kh3 59. Rg5 1-0

[Event "45th FIDE Olympiad 2024"]
[Site "Budapest"]
[Date "2024.09.16"]
[Round "6.52"]
[White "Markus, Robert"]
[Black "Marrujo Pardo, Mauricio Emmanuel"]
[Result "1-0"]
[ECO "D26"]
[WhiteElo "2586"]
[BlackElo "2332"]
[Annotator "TA"]
[PlyCount "71"]
[EventDate "2024.09.05"]
[EventType "team-tourn"]
[EventCountry "HUN"]
[SourceTitle "playchess.com"]
[Source "ChessBase"]
[SourceQuality "1"]
[WhiteTeam "Serbia"]
[BlackTeam "Chile"]
[WhiteTeamCountry "SRB"]
[BlackTeamCountry "CHI"]
[TimeControl "40/5400+30:1800+30"]

1. d4 d5 2. c4 dxc4 3. e3 e6 4. Bxc4 Nf6 5. Qe2 c5 6. Nf3 a6 7. dxc5 Bxc5 8. O-O b5 9. Bd3 O-O 10. Nbd2 Nc6 11. Ne4 Qd5 {[%emt 0:20:19] White has an edge.} 12. Nxf6+ gxf6 13. Rd1 Qh5 14. a4 b4 15. b3 $36 {[%emt 0:02:22][%mdl 2048] Strongly threatening Bb2. White has the initiative.} Bb7 16. Bb2 {[%emt 0:00:08][%cal Oa1c1] Threatens to win with Rac1!} Kg7 (16... Be7 $14) 17. Be4 {[%emt 0:06:02][%cal Bd3e4,Be4b7,Bb7c6][%mdl 32] Rd7 would now be deadly.} Qg4 $2 {[%emt 0:09:20] This costs Black the game.} (17... Rfd8 $16 {keeps fighting.} 18. h3 Be7) 18. Qc2 Nd4 19. Rxd4 ({And not} 19. Bxd4 Bxe4 20. Qe2 (20. Qxc5 $2 {too greedy.} Bxf3 21. g3 Bxd1 $19) 20... Be7 $17) (19. Qxc5 $2 Nxf3+ 20. Bxf3 Bxf3 21. Bxf6+ Kxf6 $19) (19. exd4 Bxe4 20. Qe2 Ba7 $15) 19... Bxd4 20. Bxb7 Bxb2 21. Qxb2 Ra7 22. Bc6 Rc7 23. Rc1 Rfc8 24. Rc4 Qf5 25. e4 Qf4 26. Qc2 Qd6 27. Nd4 Rd8 {[%emt 0:00:18][%cal Oc7c6] [#]} 28. g3 $1 Qe5 29. Nf3 Qa1+ 30. Kg2 {[%emt 0:00:15] And now e5 would win.} Rdc8 $2 (30... Qd1) 31. e5 $18 f5 {[%emt 0:00:25] [#]} 32. Qd2 $1 {[%emt 0:00:05][%cal Oc4h4] Rh4! would kill now.} h6 {[%emt 0:00:29] [#]} (32... Rxc6 33. Rxc6) 33. Rh4 $1 Rh8 34. Qd6 Rcc8 {[%emt 0:00:46] [#]} 35. Qe7 $1 {[%emt 0:02:31][%cal Of3g5] Intending Ng5! and mate.} Rxc6 {[%emt 0:00:31] [#]} (35... Qc3 36. Bd7) 36. Ng5 $1 {[%emt 0:01:06][%mdl 512] Weighted Error Value: White=0.14 (very precise) /Black=0.39.  Loses game:     	---       	Black=1      Mistake:       	---       	Black=2      Inaccurate:     	White=1     	Black=1      OK:         	White=11    	Black=7      Best:        	White=2     	Black=3} 1-0

[Event "45th FIDE Olympiad 2024"]
[Site "Budapest"]
[Date "2024.09.16"]
[Round "6.52"]
[White "Francis, Nigel"]
[Black "Hassaballa, Ahmed Hassaballa"]
[Result "1-0"]
[WhiteElo "1775"]
[BlackElo "1902"]
[PlyCount "39"]
[EventDate "2024.09.05"]
[EventType "team-tourn"]
[EventCountry "HUN"]
[WhiteTeam "Dominica"]
[BlackTeam "Chad"]
[BlackTeamCountry "CHD"]
[TimeControl "40/5400+30:1800+30"]

1. e4 c5 2. Nf3 e6 3. d4 cxd4 4. Nxd4 Nc6 5. Nc3 Bb4 6. Ndb5 a6 7. Nd6+ Bxd6 8. Qxd6 Qe7 9. Qg3 g6 10. Bf4 b5 11. e5 Bb7 12. O-O-O h6 13. Ne4 Kf8 14. Nd6 Bc8 15. h4 Qd8 16. Bd3 Nge7 17. Qf3 Nf5 18. Bxf5 exf5 19. g4 fxg4 20. Bxh6+ 1-0